 Dungeon Crawl Stone Soup version 0.18.1-48-g4cf74bf (console) character file.

15960 Kloppie the Basher (level 12, -11/112 HPs)
             Began as a Minotaur Gladiator on July 3, 2016.
             Was an Elder of Okawaru.
             Mangled by an ice beast (12 damage)
             ... summoned by an ice statue
             ... in an ice cave.
             The game lasted 00:20:48 (12979 turns).

Kloppie the Basher (Minotaur Gladiator)            Turns: 12979, Time: 00:20:49

Health: -11/112    AC: 29    Str: 22    XL:     12   Next: 5%
Magic:  10/11      EV:  8    Int:  5    God:    Okawaru [****..]
Gold:   588        SH:  2    Dex: 14    Spells: 0 memorised, 11 levels left

rFire  . . .     SeeInvis .     a - +2 flail (protect)
rCold  . . .     Gourm    .     i - +0 plate armour
rNeg   . . .     Faith    .     (no shield)
rPois  +         Spirit   .     c - +1 hat
rElec  .         Dismiss  .     v - +0 cloak
rCorr  .         Reflect  +     y - +0 pair of gloves
SustAt .         Harm     .     (no boots)
MR     .....                    w - +2 amulet of reflection
Stlth  ..........               J - +5 ring of protection
                                b - ring of poison resistance

@: not resistant to hostile enchantments, extremely unstealthy
A: retaliatory headbutt, horns 2
a: Heroism, Renounce Religion


You were in an ice cave.
You worshipped Okawaru.
Okawaru was greatly pleased with you.
You were full.

You visited 3 branches of the dungeon, and saw 13 of its levels.
You also visited: Ossuary and Ice Cave.

You collected 588 gold pieces.

Inventory:

Hand Weapons
 a - a +2 flail of protection (weapon)
 S - a +2 flail of protection
Missiles
 d - 3 throwing nets (quivered)
Armour
 c - a +1 hat (worn)
 i - a +0 plate armour (worn)
 v - a +0 cloak (worn)
 y - a +0 pair of gloves (worn)
 C - a +0 shield
Jewellery
 b - a ring of poison resistance (left hand)
 l - an uncursed ring of resist corrosion
 w - a +2 amulet of reflection (around neck)
 J - a +5 ring of protection (right hand)
 K - an uncursed ring of protection from fire
 R - an uncursed ring of fire
Wands
 e - a wand of iceblast (8/15)
 D - a wand of hasting (6/9)
Scrolls
 j - a scroll of brand weapon {unknown}
 k - 4 scrolls of teleportation
 m - a scroll of blinking
 p - 5 scrolls of remove curse
 q - a scroll of magic mapping
 r - 8 scrolls of enchant weapon
 s - 3 scrolls of enchant armour
 M - a scroll of recharging
 O - 2 scrolls of identify
Potions
 n - 2 potions of cure mutation
 o - 5 potions of curing
 u - a potion of lignification
 z - 3 potions of cancellation
 A - 3 potions of haste
 B - 2 potions of invisibility
 H - 2 potions of flight
 I - a potion of heal wounds
Comestibles
 f - 8 bread rations
 g - 8 meat rations
 h - 6 beef jerkies
 N - 6 slices of pizza


   Skills:
 - Level 12.2 Fighting
 + Level 13.5 Maces & Flails
 - Level 2.0 Throwing
 - Level 12.5 Armour
 - Level 3.2 Dodging
 * Level 7.8 Shields


You had 11 spell levels left.
You didn't know any spells.

Dungeon Overview and Level Annotations

Branches:
Dungeon (10/15)            Temple (1/1) D:6            Lair (2/8) D:10
    Orc: D:9-12

Altars:
Ashenzari
Cheibriados
Dithmenos
Elyvilon
Fedhas
Gozag
Kikubaaqudgha
Makhleb
Nemelex Xobeh
Okawaru
Pakellas
Qazlal
Ru
Sif Muna
Trog
Vehumet
Xom
Yredelemnul
Zin
The Shining One

Annotations:
IceCv exclusion: 2 ice statues


Innate Abilities, Weirdness & Mutations

You reflexively headbutt those who attack you in melee.
You have a pair of horns on your head.


Message History

The ice beast hits you but does no damage.
You hit the ice statue but do no damage.
The ice statue is severely damaged.
You are engulfed in freezing vapours.
* * * LOW HITPOINT WARNING * * *
The ice beast barely misses you.
The ice beast hits you but does no damage.
The ice beast hits you but does no damage.
The ice beast barely misses you. You furiously retaliate!
You headbutt the ice beast, but do no damage.
You hit the ice statue. You headbutt the ice statue.
The ice statue is almost destroyed.
You are engulfed in freezing vapours.
* * * LOW HITPOINT WARNING * * *
The ice beast hits you but does no damage.
The ice beast hits you.
* * * LOW HITPOINT WARNING * * *
The ice beast freezes you!
You die...

##### .....##
.......## ........##
......YY8# ####
......§@## ##..##
......YYY######....##
...........##.......#
..⌠.............∩∩..#
..............(.....#
.........##..##....##
........########..##
........8 ####
........#


You could see 2 ice statues and 5 ice beasts.

Vanquished Creatures
  2 hydras
  Erica (D:8)
  Nergalle (Lair:1)
  Pikel (D:7)
  The ghost of lepiPlod666 the Conjurer, a novice HOWz of Sif Muna (D:5)
  3 spiny frogs
  A centaur skeleton (D:10)
  3 ice devils (IceCv)
  A two-headed ogre (D:8)
  Grinder (D:6)
  2 wraiths (D:9)
  10 yaks
  7 hippogriffs
  A hungry ghost (D:9)
  3 wargs (D:10)
  2 water moccasins
  2 porcupines
  4 orc warriors
  10 ice beasts
  2 sky beasts
  4 black bears
  A phantom (D:4)
  5 necrophages
  4 ogres
  4 centaurs
  5 crocodiles
  4 big kobolds
  Blork the orc (D:6)
  The ghost of Kloppie the Skirmisher, an amateur VSFi (D:3)
  6 giant frogs
  A gnoll sergeant (D:7)
  A water moccasin skeleton (D:10)
  A scorpion (D:4)
  9 wights
  3 howler monkeys (D:8)
  A crimson imp (D:4)
  3 giant frog zombies
  A quasit (D:7)
  A centaur zombie (D:8)
  4 hounds
  A jelly (D:8)
  4 human zombies (D:9)
  2 orc wizards
  A giant frog skeleton (D:7)
  Terence (D:3)
  7 orc priests
  A human skeleton (D:9)
  4 iguanas
  10 worker ants
  A killer bee zombie (D:9)
  7 sheep
  2 big kobold zombies (Ossuary)
  4 mummies
  A worker ant zombie (D:10)
  Robin (D:3)
  A howler monkey zombie (D:8)
  8 gnolls
  A howler monkey skeleton (D:9)
  10 adders
  17 river rats
  A shadow imp (D:5)
  3 adder zombies (Ossuary)
  An adder skeleton (D:7)
  3 dart slugs
  2 giant geckos
  40 orcs
  13 bats
  8 giant cockroaches
  A gnoll zombie (Ossuary)
  16 goblins
  3 hobgoblins
  8 jackals
  15 kobolds
  7 quokkas
  A giant gecko skeleton (D:8)
  A giant gecko zombie (D:9)
  6 giant newts
  A goblin zombie (Ossuary)
  2 hobgoblin zombies (Ossuary)
  A jackal zombie (D:9)
  3 kobold zombies (Ossuary)
  2 quokka skeletons (D:5)
  4 quokka zombies (Ossuary)
  5 rats
  2 rat zombies (Ossuary)
351 creatures vanquished.

Vanquished Creatures (others)
  A fire dragon (D:7)
1 creature vanquished.

Grand Total: 352 creatures vanquished

Notes
Turn   | Place    | Note
--------------------------------------------------------------
     0 | D:1      | Kloppie the Minotaur Gladiator began the quest for the Orb.
     0 | D:1      | Reached XP level 1. HP: 18/18 MP: 0/0
    71 | D:1      | Reached skill level 1 in Armour
   151 | D:1      | Reached XP level 2. HP: 25/25 MP: 1/1
   343 | D:1      | Reached skill level 4 in Maces & Flails
   627 | D:2      | Reached XP level 3. HP: 30/30 MP: 2/2
   999 | D:3      | Noticed Robin
  1321 | D:3      | Reached XP level 4. HP: 16/38 MP: 3/3
  1389 | D:3      | Noticed Kloppie's ghost (amateur VSFi)
  1610 | D:3      | Killed Kloppie's ghost
  1610 | D:3      | Reached skill level 5 in Maces & Flails
  1610 | D:3      | Reached XP level 5. HP: 22/46 MP: 4/4
  1974 | D:3      | Killed Robin
  2857 | D:3      | Noticed Terence
  2863 | D:3      | Killed Terence
  3072 | D:4      | Reached XP level 6. HP: 40/53 MP: 5/5
  3307 | D:4      | Reached skill level 5 in Fighting
  3307 | D:4      | Reached skill level 6 in Maces & Flails
  3428 | D:4      | Reached skill level 5 in Armour
  3533 | D:4      | Reached XP level 7. HP: 61/61 MP: 6/6
  3966 | D:5      | Entered Level 5 of the Dungeon
  4012 | D:5      | Found a sacrificial altar of Ru.
  4019 | D:5      | Found a radiant altar of Vehumet.
  4030 | D:5      | Noticed lepiPlod666's ghost (novice HOWz)
  4066 | D:5      | Killed lepiPlod666's ghost
  4066 | D:5      | Reached skill level 7 in Maces & Flails
  4066 | D:5      | Reached XP level 8. HP: 14/71 MP: 7/7
  4420 | D:5      | Reached skill level 8 in Maces & Flails
  4542 | D:5      | Found a sand-covered staircase.
  4550 | Ossuary  | Entered an ossuary
  4898 | D:6      | Noticed Grinder
  4923 | D:6      | Killed Grinder
  5330 | D:6      | Found a bloodstained altar of Trog.
  5351 | D:6      | Reached skill level 9 in Maces & Flails
  5351 | D:6      | Reached XP level 9. HP: 76/81 MP: 8/8
  5440 | D:6      | Noticed Blork the orc
  5447 | D:6      | Killed Blork the orc
  6762 | D:7      | Noticed Pikel
  6778 | D:7      | Killed Pikel
  6778 | D:7      | Reached skill level 10 in Maces & Flails
  6994 | D:7      | Found a sacrificial altar of Ru.
  7108 | D:7      | Found an oddly glowing altar of Pakellas.
  7109 | D:7      | Noticed a fire dragon
  7131 | D:7      | Killed a fire dragon
  7255 | D:6      | Found a staircase to the Ecumenical Temple.
  7263 | Temple   | Entered the Ecumenical Temple
  7467 | D:8      | Reached skill level 10 in Fighting
  7467 | D:8      | Reached skill level 10 in Armour
  7525 | D:8      | Noticed Erica
  7548 | D:8      | Killed Erica
  7548 | D:8      | Reached XP level 10. HP: 33/93 MP: 9/9
  8005 | D:8      | Reached skill level 11 in Maces & Flails
  8337 | D:8      | Noticed a three-headed hydra
  8343 | D:8      | Killed a three-headed hydra
  9067 | Temple   | Became a worshipper of Warmaster Okawaru
  9195 | D:9      | Found a white marble altar of Elyvilon.
  9341 | D:9      | Found a burning altar of Makhleb.
  9345 | D:9      | Found a glowing silver altar of Zin.
  9345 | D:9      | Noticed a cacodemon
  9345 | D:9      | Noticed an angel
  9488 | D:9      | Found a blossoming altar of Fedhas.
  9643 | D:9      | Reached * piety under Okawaru
  9664 | D:9      | Found a basalt altar of Yredelemnul.
  9681 | D:9      | Reached XP level 11. HP: 76/101 MP: 10/10
  9690 | D:9      | Reached skill level 12 in Maces & Flails
  9770 | D:10     | Entered Level 10 of the Dungeon
  9839 | D:10     | Found a staircase to the Lair.
 10050 | D:10     | Reached ** piety under Okawaru
 10624 | Lair:1   | Entered Level 1 of the Lair of Beasts
 10794 | Lair:1   | Reached skill level 1 in Shields
 11200 | Lair:1   | Reached *** piety under Okawaru
 11208 | Lair:1   | Noticed an eight-headed hydra
 11210 | Lair:1   | Noticed Nergalle
 11224 | Lair:1   | Killed an eight-headed hydra
 11243 | Lair:1   | Killed Nergalle
 11243 | Lair:1   | Reached skill level 13 in Maces & Flails
 11808 | Lair:1   | Reached skill level 5 in Shields
 12142 | Lair:2   | Reached **** piety under Okawaru
 12196 | Lair:2   | Received a gift from Okawaru
 12435 | Lair:2   | Found a frozen archway.
 12486 | IceCv    | Entered an ice cave
 12516 | IceCv    | Received a gift from Okawaru
 12516 | IceCv    | Reached XP level 12. HP: 22/112 MP: 11/11
 12979 | IceCv    | HP: 4/112 [ice statue] (18)]
 12979 | IceCv    | HP: 1/112 [ice beast[an ice statue] (3)]
 12979 | IceCv    | Mangled by an ice beast

Skill      XL: |  1  2  3  4  5  6  7  8  9 10 11 |
---------------+----------------------------------+-----
Armour         | 1 2 3 4 5 6 8 10 11 12 | 12.5
Maces & Flails | 4 5 6 7 9 10 11 13 | 13.5
Fighting       | 3 4 5 6 8 10 11 12 | 12.2
Shields        | 7 |  7.8
Throwing       | |  2.0
Dodging        | |  3.2

Action                   |  1- 3 |  4- 6 |  7- 9 | 10-12 || total
-------------------------+-------+-------+-------+-------++-------
Melee: Flail             |    96 |   122 |   312 |   678 ||  1208
       Headbutt          |    12 |    17 |    69 |   164 ||   262
Throw: Throwing net      |     1 |     1 |     1 |     5 ||     8
Invok: Heroism           |       |       |       |     5 ||     5
Evoke: Wand              |       |       |       |     3 ||     3
  Use: Scroll            |       |     7 |    17 |     4 ||    28
       Potion            |       |       |     6 |     5 ||    11
 Stab: Held in net/web   |     1 |       |       |     1 ||     2
       Paralysed         |       |       |     1 |       ||     1
       Invisible         |       |       |       |     2 ||     2
  Eat: Chunk             |     1 |     7 |    13 |    21 ||    42
       Meat ration       |       |       |       |     1 ||     1
Armor: Leather armour    |    18 |     1 |       |       ||    19
       Chain mail        |       |    29 |       |       ||    29
       Ring mail         |       |    19 |   157 |    32 ||   208
       Plate armour      |       |       |       |   352 ||   352
Dodge: Dodged            |    67 |    71 |   224 |   231 ||   593
Block: Other             |       |     1 |    20 |    29 ||    50
       Reflection        |       |       |     1 |     1 ||     2
